 Dungeon Crawl Stone Soup version 0.29.1-1-gd02db6906a (webtiles) character file.

Game seed: 7939792586243348673

72 sleeves the Shooter (level 4, -3/36 HPs)
             Began as a Meteoran Hunter on Oct 4, 2022.
             Frozen to death by an endoplasm (4 damage)
             ... on level 2 of the Dungeon.
             The game lasted 00:04:32 (744 turns).

sleeves the Shooter (Meteoran Hunter)                Turns: 744, Time: 00:04:33

Health: -3/36      AC:  3    Str: 13    XL:     4   Next: 79%
Magic:  5/5        EV: 12    Int: 12    God:
Gold:   101        SH:  0    Dex: 17    Spells: 3/3 levels left

rFire   . . .      SeeInvis .   a - +0 shortbow
rCold   . . .      Faith    .   (shield currently unavailable)
rNeg    . . .      Spirit   .   c - +0 leather armour
rPois   .          Reflect  .   (no helmet)
rElec   .          Harm     .   (no cloak)
rCorr   .          Rampage  .   (no gloves)
Will    .....                   (no boots)
Stlth   +.........              (no amulet)
HPRegen 0.12/turn               (no ring)
MPRegen 0.09/turn               (no ring)

@: glowing
A: sense surroundings 1, otherworldly, glowing, explore regen
a: no special abilities


You were on level 2 of the Dungeon.
You visited 1 branch of the dungeon, and saw 4 of its levels.

You collected 101 gold pieces.

Inventory:

Hand Weapons
 a - a +0 shortbow (weapon)
 i - a +1 mace of protection
   (You found it on level 2 of the Dungeon)
Armour
 c - a +0 leather armour (worn)
Scrolls
 b - a scroll of immolation
 d - 2 scrolls of noise {unknown}
 f - a scroll of magic mapping {unknown}
 g - a scroll of fear {unknown}
Potions
 e - 2 potions of curing {unknown}
 h - a potion of might {unknown}
 j - a potion of mutation {unknown}


   Skills:
 - Level 2.1 Fighting
 + Level 6.2 Ranged Weapons
 - Level 2.4 Dodging
 - Level 0.6 Stealth


You had 3 spell levels left.
You didn't know any spells.
Your spell library contained the following spells:

 Spells                   Type           Power      Damage    Failure   Level
 Dazzling Flash           Conj/Hex       0%         N/A       77%         3
 Agony                    Necr           0%         N/A       100%        5
 Silence                  Hex/Air        0%         N/A       100%        5


Dungeon Overview and Level Annotations

Branches:
Dungeon (4/15) Zot: 1622
 Temple: D:4-7

Altars:

Shops:
D:1 (*

Annotations:
D:2 Terence


Innate Abilities, Weirdness & Mutations

You passively map a small area around you.
You are easily found by Zot.
You glow in the dark.
You regain HP and MP as you explore.


Message History

Welcome, sleeves the Meteoran Hunter.
Will you prevail where others failed? Will you find the Orb of Zot?
Press ? for a list of commands and other information.
Found a staircase leading out of the dungeon.
You open the door. You open the door. You open the door. You open the door.
There is an open door here.
You open the door.
There is an open door here.
As you open the door, it creaks loudly!
There is an open door here.
There is an open door here.
There is an open door here.
There is an open door here.
There is an open door here.
You open the door.
There is an open door here.
You open the door.
There is an open door here.
There is an open door here.
There is an open door here.
There is an open door here.
There is an open door here.
As you open the door, it creaks loudly!
There is an open door here.
You open the door.
A goblin comes into view. It is wielding a +0 club.
The goblin shouts!
There is an open door here.
A goblin is nearby!
You shoot an arrow. The arrow hits the goblin!
You kill the goblin!
A ball python comes into view.
The ball python moves out of view.
The ball python hisses angrily.
You shoot an arrow.
The arrow hits the ball python but does no damage.
A rat comes into view.
You shoot an arrow. The arrow hits the ball python.
You kill the ball python!
You shoot an arrow. The arrow closely misses the rat.
You shoot an arrow. The arrow barely misses the rat.
You shoot an arrow. The arrow barely misses the rat.
You shoot an arrow. The arrow barely misses the rat.
The rat closely misses you.
You shoot an arrow. The arrow closely misses the rat.
The rat bites you but does no damage.
You shoot an arrow. The arrow hits the rat.
The rat is severely wounded.
The rat misses you. The rat bites you.
You shoot an arrow. The arrow hits the rat.
You kill the rat!
You see here a rat corpse.
Found 14 gold pieces.
You now have 14 gold pieces.
A rat comes into view.
You shoot an arrow.
The arrow hits the rat but does no damage.
You shoot an arrow.
The arrow hits the rat but does no damage.
You shoot an arrow. The arrow hits the rat.
The rat is moderately wounded.
You shoot an arrow. The arrow completely misses the rat.
The rat closely misses you.
You shoot an arrow. The arrow hits the rat.
You kill the rat!
A goblin comes into view. It is wielding a +0 dagger.
Found a scroll labelled VIACRA UMNE.
The goblin shouts!
A kobold comes into view. It is wielding a +0 dagger.
The kobold shouts!
You shoot an arrow. The arrow closely misses the goblin.
The kobold throws a stone.
The stone closely misses you.
You shoot an arrow. The arrow hits the goblin!
You kill the goblin!
A frilled lizard comes into view.
You have reached level 2!
You shoot an arrow. The frilled lizard hisses angrily.
The arrow hits the kobold.
The kobold is moderately wounded.
You shoot an arrow. The arrow hits the kobold.
You kill the kobold!
You shoot an arrow. The arrow misses the frilled lizard.
You shoot an arrow.
The arrow closely misses the frilled lizard.
You shoot an arrow.
The arrow barely misses the frilled lizard.
You shoot an arrow. The arrow hits the frilled lizard.
You kill the frilled lizard!
Items here: ( )) ††.
d - a scroll labelled VIACRA UMNE
Found 2 emerald potions.
A goblin comes into view. It is wielding a +0 club.
The goblin shouts!
The goblin moves out of view.
You see here 2 emerald potions.
You shoot an arrow. The arrow closely misses the goblin.
The goblin barely misses you.
You shoot an arrow. The arrow barely misses the goblin.
The goblin hits you but does no damage.
You shoot an arrow. The arrow closely misses the goblin.
The goblin hits you but does no damage.
You shoot an arrow. The arrow closely misses the goblin.
The goblin hits you but does no damage. The goblin misses you.
You shoot an arrow. The arrow hits the goblin!
You kill the goblin!
e - 2 emerald potions You see here a +0 club.
Found a stone staircase leading down.
A dart slug comes into view.
You shoot an arrow. The arrow hits the dart slug!
You kill the dart slug!
Your Ranged Weapons skill increases to level 5!
No target in view!
Found 5 poisoned darts.
Found a stone staircase leading down.
There is a stone staircase leading down here.
You climb downwards.
Found a robe.
There is a stone staircase leading up here.
You climb upwards.
There is a stone staircase leading down here.
A gnoll comes into view. It is wielding a +0 club.
You shoot an arrow.
The arrow hits the gnoll but does no damage.
You shoot an arrow. The arrow closely misses the gnoll.
You shoot an arrow. The arrow hits the gnoll.
The gnoll is lightly wounded.
You shoot an arrow. The arrow barely misses the gnoll.
You shoot an arrow.
The arrow hits the gnoll but does no damage.
The gnoll is lightly wounded.
The gnoll hits you with a +0 club.
You shoot an arrow. The arrow barely misses the gnoll.
The gnoll completely misses you.
You shoot an arrow. The arrow hits the gnoll.
The gnoll is moderately wounded.
The gnoll hits you with a +0 club.
You shoot an arrow. The arrow hits the gnoll.
The gnoll is heavily wounded.
The gnoll hits you with a +0 club. The gnoll misses you.
You shoot an arrow. The arrow hits the gnoll.
The gnoll is severely wounded.
The gnoll hits you with a +0 club.
You are too injured to fight recklessly!
Fire: a) +0 shortbow
Press: ? - help, Q - select action Shift-Dir - straight line, f/p - gnoll
Aim: a gnoll, wielding a +0 club (severely wounded, 66% to hit)
You shoot an arrow.
The arrow hits the gnoll but does no damage.
The gnoll is severely wounded.
The gnoll hits you but does no damage. The gnoll misses you.
Fire: a) +0 shortbow
Press: ? - help, Q - select action Shift-Dir - straight line, f/p - gnoll
Aim: a gnoll, wielding a +0 club (severely wounded, 66% to hit)
You shoot an arrow. The arrow barely misses the gnoll.
The gnoll closely misses you.
Fire: a) +0 shortbow
Press: ? - help, Q - select action Shift-Dir - straight line, f/p - gnoll
Aim: a gnoll, wielding a +0 club (severely wounded, 66% to hit)
You shoot an arrow. The arrow hits the gnoll.
You kill the gnoll!
You have reached level 3!
Your experience leads to an increase in your attributes!
Increase (S)trength, (I)ntelligence, or (D)exterity?
You feel clever. x2; You feel stronger.
Found a book of the Senses.
A bat comes into view.
A rat comes into view.
The bat hits you but does no damage. The bat hits you but does no damage.
You shoot an arrow. The arrow misses the bat.
The bat barely misses you.
You shoot an arrow. The arrow misses the bat.
The bat hits you but does no damage.
You shoot an arrow. The arrow misses the bat.
The bat hits you but does no damage. The bat misses you.
You shoot an arrow. The arrow closely misses the bat.
The bat hits you but does no damage. x2
You shoot an arrow. The arrow barely misses the bat.
The bat hits you but does no damage.
You shoot an arrow. The arrow closely misses the bat.
The bat hits you but does no damage.
You shoot an arrow. The arrow hits the bat.
You kill the bat!
No target in view!
You shoot an arrow. The arrow closely misses the rat.
You shoot an arrow. The arrow hits the rat!
You kill the rat!
No target in view!
There is a stone staircase leading down here.
You pick up a book of the Senses and begin reading...
You add the spells Dazzling Flash, Agony and Silence to your library.
Found a scroll labelled ICIDYV IKKIUT and 29 gold pieces.
Found a stone staircase leading down.
You now have 29 gold pieces (gained 15).
You now have 43 gold pieces (gained 14).
Found Huwuvo Fidd's Antique Weapon Boutique.
f - a scroll labelled ICIDYV IKKIUT You see here a +0 robe.
Found a morningstar.
There is an abandoned shop here.
A ball python comes into view.
You shoot an arrow. The arrow hits the ball python.
You kill the ball python!
No target in view!
Unknown command.
There is an entrance to Huwuvo Fidd's Antique Weapon Boutique here.
A dart slug comes into view.
The dart slug launches a dart at you. The slug dart misses you.
Fire: a) +0 shortbow
Press: ? - help, Q - select action Shift-Dir - straight line, f - dart slug
Aim: a dart slug (94% to hit)
You shoot an arrow.
The arrow hits the dart slug but does no damage.
Fire: a) +0 shortbow
Press: ? - help, Q - select action Shift-Dir - straight line, f/p - dart slug
Aim: a dart slug (94% to hit)
You shoot an arrow.
The arrow hits the dart slug but does no damage.
Fire: a) +0 shortbow
Press: ? - help, Q - select action Shift-Dir - straight line, f/p - dart slug
Aim: a dart slug (94% to hit)
You shoot an arrow. The arrow hits the dart slug!
You kill the dart slug!
Fire: a) +0 shortbow
Press: ? - help, Q - select action Shift-Dir - straight line, f - you Really target yourself? [Y]es or [N]o only, please.
Really target yourself?
Okay, then.
There is an entrance to Huwuvo Fidd's Antique Weapon Boutique here.
There is an abandoned shop here.
You see here a +0 robe.
There is a stone staircase leading down here.
You climb downwards.
Found a leather armour.
Found a stone staircase leading down.
There is a stone staircase leading up here.
Fire: a) +0 shortbow
Press: ? - help, Q - select action Shift-Dir - straight line, f - kobold
Aim: a kobold, wielding a +0 dagger (56% to hit)
You shoot an arrow. The arrow hits the kobold.
You kill the kobold!
Fire: a) +0 shortbow
Press: ? - help, Q - select action Shift-Dir - straight line, f - hobgoblin
Aim: a hobgoblin (63% to hit)
You shoot an arrow. The arrow hits the hobgoblin!
You kill the hobgoblin!
Fire: a) +0 shortbow
Press: ? - help, Q - select action Shift-Dir - straight line, f - you Really target yourself?
Okay, then.
You climb upwards.
There is a stone staircase leading down here.
You see here a +0 robe.
There is an abandoned shop here.
There is an entrance to Huwuvo Fidd's Antique Weapon Boutique here.
You see here a dart slug corpse.
Found Goen's General Store.
Why would you want to do that?
There is an entrance to Goen's General Store here.
There is a stone staircase leading down here.
A kobold comes into view. It is wielding a +0 short sword.
The kobold shouts!
Fire: a) +0 shortbow
Press: ? - help, Q - select action Shift-Dir - straight line, f - kobold
Aim: a kobold, wielding a +0 short sword (56% to hit)
You shoot an arrow. The arrow barely misses the kobold.
Fire: a) +0 shortbow
Press: ? - help, Q - select action Shift-Dir - straight line, f/p - kobold
Aim: a kobold, wielding a +0 short sword (56% to hit)
You shoot an arrow. The arrow hits the kobold!
You kill the kobold!
Fire: a) +0 shortbow
Press: ? - help, Q - select action Shift-Dir - straight line, f - you Really target yourself?
Okay, then.
An endoplasm comes into view.
Found a leather armour.
The endoplasm quivers.
Fire: a) +0 shortbow
Press: ? - help, Q - select action Shift-Dir - straight line, f - endoplasm
Aim: an endoplasm (87% to hit)
You shoot an arrow. The arrow hits the endoplasm.
You kill the endoplasm!
Fire: a) +0 shortbow
Press: ? - help, Q - select action Shift-Dir - straight line, f - you Really target yourself?
Okay, then.
Things that are here:
a +0 short sword; a kobold corpse
Found 7 stones.
Found a ring mail.
Things that are here:
a +0 short sword; a kobold corpse
There is a stone staircase leading down here.
You climb downwards.
Terence shouts!
There is a stone staircase leading up here.
Terence shouts, "Now you die!" Terence closely misses you.
You climb upwards.
There is a stone staircase leading down here.
There is a stone staircase leading down here.
You climb downwards.
Level annotation: Terence
There is a stone staircase leading up here.
Terence shouts!
Fire: a) +0 shortbow
Press: ? - help, Q - select action Shift-Dir - straight line, f - Terence
Aim: Terence, wielding a +0 trident and wearing a +0 chain mail (70% to hit)
You shoot an arrow. The arrow barely misses Terence.
There is a stone staircase leading up here.
Fire: a) +0 shortbow
Press: ? - help, Q - select action Shift-Dir - straight line, f/p - Terence
Aim: Terence, wielding a +0 trident and wearing a +0 chain mail (70% to hit)
You shoot an arrow. The arrow barely misses Terence.
Terence hits you from afar with a +0 trident.
Fire: a) +0 shortbow
Press: ? - help, Q - select action Shift-Dir - straight line, f/p - Terence
Aim: Terence, wielding a +0 trident and wearing a +0 chain mail (70% to hit)
You shoot an arrow. The arrow barely misses Terence.
Terence hits you from afar with a +0 trident.
Fire: a) +0 shortbow
Press: ? - help, Q - select action Shift-Dir - straight line, f/p - Terence
Aim: Terence, wielding a +0 trident and wearing a +0 chain mail (70% to hit)
You shoot an arrow. The arrow barely misses Terence.
Terence barely misses you.
Fire: a) +0 shortbow
Press: ? - help, Q - select action Shift-Dir - straight line, f/p - Terence
Aim: Terence, wielding a +0 trident and wearing a +0 chain mail (70% to hit)
You shoot an arrow. The arrow hits Terence.
Terence is lightly wounded.
Terence closely misses you.
Terence hits you from afar with a +0 trident!
Terence barely misses you.
You climb upwards.
There is a stone staircase leading down here.
There is a stone staircase leading down here.
You climb downwards.
Level annotation: Terence An endoplasm comes into view.
There is a stone staircase leading up here.
Fire: a) +0 shortbow
Press: ? - help, Q - select action Shift-Dir - straight line, f - endoplasm
Aim: an endoplasm (wandering, hasn't noticed you, 87% to hit)
You shoot an arrow. The endoplasm quivers.
The arrow hits the endoplasm but does no damage.
Fire: a) +0 shortbow
Press: ? - help, Q - select action Shift-Dir - straight line, f/p - endoplasm
Aim: an endoplasm (87% to hit)
You shoot an arrow. The arrow hits the endoplasm.
The endoplasm is heavily wounded.
Fire: a) +0 shortbow
Press: ? - help, Q - select action Shift-Dir - straight line, f/p - endoplasm
Aim: an endoplasm (heavily wounded, 87% to hit)
You shoot an arrow. The arrow hits the endoplasm.
You kill the endoplasm!
Fire: a) +0 shortbow
Press: ? - help, Q - select action Shift-Dir - straight line, f - you Really target yourself? [Y]es or [N]o only, please.
Really target yourself? [Y]es or [N]o only, please.
Really target yourself?
Okay, then.
Found 15 gold pieces.
Found a scroll labelled KERRUFIREB.
A kobold comes into view. It is wielding a +0 dagger.
Fire: a) +0 shortbow
Press: ? - help, Q - select action Shift-Dir - straight line, f - kobold
Aim: a kobold, wielding a +0 dagger and quivering stones (56% to hit)
You shoot an arrow. The arrow hits the kobold.
The kobold is severely wounded.
Fire: a) +0 shortbow
Press: ? - help, Q - select action Shift-Dir - straight line, f/p - kobold
Aim: a kobold, wielding a +0 dagger and quivering stones (severely wounded, 56% to hit)
You shoot an arrow. The arrow hits the kobold.
You kill the kobold!
There is a stone staircase leading down here.
You climb downwards.
HP restored.
Found a steaming spear.
There is a stone staircase leading up here.
You see here the +1 spear of the Everdark {holy, rCorr Str+5}.
There is a stone staircase leading up here.
You climb upwards.
Level annotation: Terence
There is a stone staircase leading down here.
A giant cockroach comes into view.
The giant cockroach waves its antennae.
Fire: a) +0 shortbow
Press: ? - help, Q - select action Shift-Dir - straight line, f - giant cockroach
Aim: a giant cockroach (63% to hit)
You shoot an arrow. The arrow hits the giant cockroach.
The giant cockroach is almost dead.
Fire: a) +0 shortbow
Press: ? - help, Q - select action Shift-Dir - straight line, f/p - giant cockroach
Aim: a giant cockroach (almost dead, 63% to hit)
You shoot an arrow.
The arrow closely misses the giant cockroach.
Fire: a) +0 shortbow
Press: ? - help, Q - select action Shift-Dir - straight line, f/p - giant cockroach
Aim: a giant cockroach (almost dead, 63% to hit)
You shoot an arrow.
The arrow closely misses the giant cockroach.
Fire: a) +0 shortbow
Press: ? - help, Q - select action Shift-Dir - straight line, f/p - giant cockroach
Aim: a giant cockroach (almost dead, 63% to hit)
You shoot an arrow. The arrow hits the giant cockroach.
You kill the giant cockroach!
You now have 58 gold pieces (gained 15).
Things that are here:
a stone; a +0 dagger; a kobold corpse
g - a scroll labelled KERRUFIREB
Found 2 stones.
Why would you want to do that? 2 gnolls come into view.
The gnoll shouts! x2
Fire: a) +0 shortbow
Press: ? - help, Q - select action Shift-Dir - straight line, f - gnoll
Aim: a gnoll, wielding a +0 halberd (66% to hit)
You shoot an arrow. The arrow hits the gnoll!
The gnoll is severely wounded.
Fire: a) +0 shortbow
Press: ? - help, Q - select action Shift-Dir - straight line, f/p - gnoll
Aim: a gnoll, wielding a +0 halberd (severely wounded, 66% to hit)
You shoot an arrow. The arrow hits the gnoll.
You kill the gnoll!
You have reached level 4!
Fire: a) +0 shortbow
Press: ? - help, Q - select action Shift-Dir - straight line, f - gnoll
Aim: a gnoll, wielding a +0 club (66% to hit)
You shoot an arrow.
The arrow hits the gnoll but does no damage.
Fire: a) +0 shortbow
Press: ? - help, Q - select action Shift-Dir - straight line, f/p - gnoll
Aim: a gnoll, wielding a +0 club (66% to hit)
You shoot an arrow. The arrow hits the gnoll!
The gnoll is severely wounded.
Fire: a) +0 shortbow
Press: ? - help, Q - select action Shift-Dir - straight line, f/p - gnoll
Aim: a gnoll, wielding a +0 club (severely wounded, 66% to hit)
You shoot an arrow. The arrow hits the gnoll.
You kill the gnoll!
A goblin comes into view. It is wielding a +0 club.
The goblin shouts!
Fire: a) +0 shortbow
Press: ? - help, Q - select action Shift-Dir - straight line, f - goblin
Aim: a goblin, wielding a +0 club (56% to hit)
You shoot an arrow. The arrow closely misses the goblin.
The goblin barely misses you.
Fire: a) +0 shortbow
Press: ? - help, Q - select action Shift-Dir - straight line, f/p - goblin
Aim: a goblin, wielding a +0 club (56% to hit)
You shoot an arrow. The arrow hits the goblin.
You kill the goblin!
A giant cockroach comes into view.
Fire: a) +0 shortbow
Press: ? - help, Q - select action Shift-Dir - straight line, f - giant cockroach
Aim: a giant cockroach (63% to hit)
You shoot an arrow.
The arrow closely misses the giant cockroach.
Fire: a) +0 shortbow
Press: ? - help, Q - select action Shift-Dir - straight line, f/p - giant cockroach
Aim: a giant cockroach (63% to hit)
You shoot an arrow. The arrow hits the giant cockroach!
You kill the giant cockroach!
Your Ranged Weapons skill increases to level 6!
Fire: a) +0 shortbow
Press: ? - help, Q - select action Shift-Dir - straight line, f - you Really target yourself? [Y]es or [N]o only, please.
Really target yourself?
Okay, then.
Found a stone staircase leading down.
You see here a giant cockroach corpse.
A hobgoblin comes into view.
The hobgoblin moves out of view.
A kobold comes into view. It is wielding a +0 dagger.
The kobold shouts!
The kobold moves out of view.
Fire: a) +0 shortbow
Press: ? - help, Q - select action Shift-Dir - straight line, f - hobgoblin
Aim: a hobgoblin (64% to hit)
You shoot an arrow. The arrow closely misses the hobgoblin.
The hobgoblin barely misses you.
Fire: a) +0 shortbow
Press: ? - help, Q - select action Shift-Dir - straight line, f/p - hobgoblin
Aim: a hobgoblin (64% to hit)
You shoot an arrow. The arrow closely misses the hobgoblin.
The hobgoblin closely misses you.
Fire: a) +0 shortbow
Press: ? - help, Q - select action Shift-Dir - straight line, f/p - hobgoblin
Aim: a hobgoblin (64% to hit)
You shoot an arrow. The arrow hits the hobgoblin!
You kill the hobgoblin!
Fire: a) +0 shortbow
Press: ? - help, Q - select action Shift-Dir - straight line, f - kobold
Aim: a kobold, wielding a +0 dagger (58% to hit)
You shoot an arrow. The arrow hits the kobold.
You kill the kobold!
Fire: a) +0 shortbow
Press: ? - help, Q - select action Shift-Dir - straight line, f - you Really target yourself?
Okay, then.
There is a stone staircase leading down here.
You climb downwards.
Found a brown potion.
Found an escape hatch in the floor.
There is a stone staircase leading up here.
h - a brown potion You open the door.
A giant cockroach comes into view.
Fire: a) +0 shortbow
Press: ? - help, Q - select action Shift-Dir - straight line, f - giant cockroach
Aim: a giant cockroach (64% to hit)
You shoot an arrow.
The arrow hits the giant cockroach but does no damage.
A rat comes into view.
Fire: a) +0 shortbow
Press: ? - help, Q - select action Shift-Dir - straight line, f/p - giant cockroach
Aim: a giant cockroach (64% to hit)
You shoot an arrow.
The arrow closely misses the giant cockroach.
The arrow hits the rat.
You kill the rat!
Fire: a) +0 shortbow
Press: ? - help, Q - select action Shift-Dir - straight line, f/p - giant cockroach
Aim: a giant cockroach (64% to hit)
You shoot an arrow.
The arrow barely misses the giant cockroach.
Fire: a) +0 shortbow
Press: ? - help, Q - select action Shift-Dir - straight line, f/p - giant cockroach
Aim: a giant cockroach (64% to hit)
You shoot an arrow.
The arrow closely misses the giant cockroach.
The giant cockroach barely misses you.
Fire: a) +0 shortbow
Press: ? - help, Q - select action Shift-Dir - straight line, f/p - giant cockroach
Aim: a giant cockroach (64% to hit)
You shoot an arrow. The arrow hits the giant cockroach.
You kill the giant cockroach!
Fire: a) +0 shortbow
Press: ? - help, Q - select action Shift-Dir - straight line, f - you Really target yourself? [Y]es or [N]o only, please.
Really target yourself?
Okay, then.
There is a stone staircase leading up here.
As you open the large door, it creaks loudly!
Found a robe.
Found a stone staircase leading down.
There is a large open door here.
There is a large open door here.
A giant cockroach comes into view.
Fire: a) +0 shortbow
Press: ? - help, Q - select action Shift-Dir - straight line, f - giant cockroach
Aim: a giant cockroach (64% to hit)
You shoot an arrow. The arrow hits the giant cockroach!
You kill the giant cockroach!
There is a stone staircase leading down here.
You climb downwards.
Found 4 stones.
There is a stone staircase leading up here.
You climb upwards.
There is a stone staircase leading down here.
There is a large open door here.
There is a large open door here.
There is a stone staircase leading up here.
You climb upwards.
Level annotation: Terence
There is a stone staircase leading down here.
Found a ring mail.
Found a scroll labelled VIACRA UMNE.
A frilled lizard comes into view.
Found a runed mace.
Fire: a) +0 shortbow
Press: ? - help, Q - select action Shift-Dir - straight line, f - frilled lizard
Aim: a frilled lizard (asleep, 98% to hit)
You shoot an arrow. The arrow hits the frilled lizard!
You kill the frilled lizard!
Fire: a) +0 shortbow
Press: ? - help, Q - select action Shift-Dir - straight line, f - you Really target yourself?
Okay, then.
You see here a +0 ring mail.
d - 2 scrolls labelled VIACRA UMNE (gained 1)
A ball python comes into view.
Fire: a) +0 shortbow
Press: ? - help, Q - select action Shift-Dir - straight line, f - ball python
Aim: a ball python (asleep, 98% to hit)
You shoot an arrow. The arrow hits the ball python!
You kill the ball python!
An adder comes into view.
The adder hisses angrily.
Fire: a) +0 shortbow
Press: ? - help, Q - select action Shift-Dir - straight line, f - adder
Aim: an adder (48% to hit)
You shoot an arrow.
The arrow hits the adder but does no damage.
Fire: a) +0 shortbow
Press: ? - help, Q - select action Shift-Dir - straight line, f/p - adder
Aim: an adder (48% to hit)
You shoot an arrow. The arrow barely misses the adder.
Fire: a) +0 shortbow
Press: ? - help, Q - select action Shift-Dir - straight line, f/p - adder
Aim: an adder (48% to hit)
You shoot an arrow. The arrow hits the adder.
The adder is lightly wounded.
Fire: a) +0 shortbow
Press: ? - help, Q - select action Shift-Dir - straight line, f/p - adder
Aim: an adder (lightly wounded, 48% to hit)
You shoot an arrow. The arrow misses the adder.
The adder bites you. The adder bites you but does no damage.
Fire: a) +0 shortbow
Press: ? - help, Q - select action Shift-Dir - straight line, f/p - adder
Aim: an adder (lightly wounded, 48% to hit)
You shoot an arrow. The arrow hits the adder!
You kill the adder!
You see here a +1 mace of protection.
Found 12 gold pieces.
You now have 70 gold pieces (gained 12).
Search for what [? for help]? mace Search for what [Enter for "mace", or ? for help]?
You have 70 gold pieces.
You see here a +1 mace of protection.
i - a +1 mace of protection
Found 16 gold pieces.
Found 2 gold pieces.
A hobgoblin comes into view.
The hobgoblin shouts!
Fire: a) +0 shortbow
Press: ? - help, Q - select action Shift-Dir - straight line, f - hobgoblin
Aim: a hobgoblin (64% to hit)
You shoot an arrow. The arrow barely misses the hobgoblin.
Fire: a) +0 shortbow
Press: ? - help, Q - select action Shift-Dir - straight line, f/p - hobgoblin
Aim: a hobgoblin (64% to hit)
You shoot an arrow. The arrow hits the hobgoblin!
You kill the hobgoblin!
You now have 86 gold pieces (gained 16).
Found 9 gold pieces.
Found 4 gold pieces.
You now have 88 gold pieces (gained 2).
Found a fizzy inky potion and a runed hand axe.
You now have 97 gold pieces (gained 9).
Found a stone staircase leading down.
You now have 101 gold pieces (gained 4).
j - a fizzy inky potion Terence shouts!
You see here a +2 vorpal hand axe.
Fire: a) +0 shortbow
Press: ? - help, Q - select action Shift-Dir - straight line, f - Terence
Aim: Terence, wielding a +0 trident and wearing a +0 chain mail (71% to hit)
You shoot an arrow.
The arrow hits Terence but does no damage.
There is a stone staircase leading up here.
Fire: a) +0 shortbow
Press: ? - help, Q - select action Shift-Dir - straight line, f/p - Terence
Aim: Terence, wielding a +0 trident and wearing a +0 chain mail (71% to hit)
You shoot an arrow. The arrow closely misses Terence.
Terence bares his teeth.
Fire: a) +0 shortbow
Press: ? - help, Q - select action Shift-Dir - straight line, f/p - Terence
Aim: Terence, wielding a +0 trident and wearing a +0 chain mail (71% to hit)
You shoot an arrow.
The arrow hits Terence but does no damage.
There is a stone staircase leading up here.
Fire: a) +0 shortbow
Press: ? - help, Q - select action Shift-Dir - straight line, f/p - Terence
Aim: Terence, wielding a +0 trident and wearing a +0 chain mail (71% to hit)
You shoot an arrow. The arrow hits Terence.
Terence is lightly wounded.
Fire: a) +0 shortbow
Press: ? - help, Q - select action Shift-Dir - straight line, f/p - Terence
Aim: Terence, wielding a +0 trident and wearing a +0 chain mail (lightly wounded, 71% to hit)
You shoot an arrow. The arrow barely misses Terence.
Terence hits you from afar with a +0 trident!
Terence hits you from afar with a +0 trident.
You climb upwards.
There is a stone staircase leading down here.
There is a stone staircase leading down here.
You climb downwards.
Level annotation: Terence Terence hits you with a +0 trident.
* * * LOW HITPOINT WARNING * * *
Terence hits you with a +0 trident.
* * * LOW HITPOINT WARNING * * *
There is a stone staircase leading up here.
Terence attacks as you move away! Terence barely misses you.
Terence hits you from afar with a +0 trident.
* * * LOW HITPOINT WARNING * * *
Terence says, "Did you write a will?
You should..."
An endoplasm comes into view.
The endoplasm barely misses you. The endoplasm freezes you.
You are frozen.
* * * LOW HITPOINT WARNING * * *
The endoplasm attacks as you move away! The endoplasm hits you.
* * * LOW HITPOINT WARNING * * *
The endoplasm attacks as you move away! The endoplasm closely misses you.
The endoplasm jiggles.
The endoplasm freezes you.
You are frozen.
* * * LOW HITPOINT WARNING * * *
The endoplasm attacks as you move away! The endoplasm barely misses you.
The endoplasm attacks as you move away! The endoplasm hits you.
* * * LOW HITPOINT WARNING * * *
The endoplasm attacks as you move away! The endoplasm hits you.
* * * LOW HITPOINT WARNING * * *
There is a stone staircase leading up, spattered with blood here.
The endoplasm freezes you.
You are frozen.
You die...

..............##..#...
.........##...#.......*
, .........##......# *
,, .....##########..# ,
, .....### ...#....#
### * .....#.#
,#.#.##@#...# # ,,
###.##.#
.#......#.#.#.# , ,
#..@.# .......J.......
*
####.#######..@#...#.#
#....<..#....####.# , ,
* #####.............#
** ** ###.......#....
#.##......###
#.##.###....# #.##[#
###.# #....# # ###### *


You could see Terence and an endoplasm.

Vanquished Creatures
  3 gnolls
  An adder (D:2)
  2 dart slugs (D:1)
  2 endoplasms
  4 giant cockroaches
  4 goblins
  3 hobgoblins (D:2)
  3 ball pythons
  A bat (D:1)
  2 frilled lizards
  5 kobolds
  4 rats
34 creatures vanquished.

Notes
Turn   | Place    | Note
-------+----------+-------------------------------------------
     0 | D:1      | sleeves the Meteoran Hunter began the quest for the Orb.
     0 | D:1      | Reached XP level 1. HP: 17/17 MP: 2/2
   110 | D:1      | Reached XP level 2. HP: 24/24 MP: 3/3
   162 | D:1      | Reached skill level 5 in Ranged Weapons
   184 | D:1      | Reached XP level 3. HP: 18/29 MP: 4/4
   219 | D:1      | Found Huwuvo Fidd's Antique Weapon Boutique.
   270 | D:1      | Found Goen's General Store.
   394 | D:2      | Noticed Terence
   446 | D:3      | Identified the +1 spear of the Everdark {holy, rCorr Str+5}
   496 | D:2      | Reached XP level 4. HP: 36/36 MP: 5/5
   510 | D:2      | Reached skill level 6 in Ranged Weapons
   717 | D:2      | HP: 18/36 [Terence/+0 trident (4)]
   718 | D:2      | HP: 6/36 [Terence/+0 trident (6)]
   734 | D:2      | HP: 8/36 [frozen (2)]
   740 | D:2      | HP: 3/36 [endoplasm (1)]
   742 | D:2      | HP: 1/36 [endoplasm (2)]
   744 | D:2      | Frozen to death by an endoplasm

Illustrated notes

Levels and vault maps discovered:
D:1:      minmay_arrival_doors, layout_rooms, serial_shops,
          nicolae_shop_competitors_out_of_business, nicolae_lakefront_shop,
          minmay_misc_feat_hallway, chequers_mini_garden
D:2:      layout_basic, serial_shops, nicolae_shop_waterfront,
          amethyst_killhole, nicolae_kite_square_tiling_tiny, st_stairs_2,
          kennysheep_generic_room_11, uniq_terence
D:3:      layout_basic, lemuel_doored_altar, chequers_serial_rivers_small_a
D:4:      layout_loops_ring, serial_glass, glass_columns_c, glass_columns_a,
          glass_columns_a, glass_columns_c, glass_columns_b, glass_columns_a,
          glass_columns_b, glass_columns_b, glass_columns_a, glass_columns_a,
          item_on_display_a, due_unseen_surprise, uniq_menkaure,
          uniq_blork_the_orc

Skill      XL: |  1  2  3  4 |
---------------+-------------+-----
Ranged Weapons | 5 6 |  6.2
Fighting       | |  2.1
Dodging        | |  2.4
Stealth        | |  0.6

Action                   |  1- 3 |  4- 6 || total
-------------------------+-------+-------++-------
 Fire: Shortbow          |    75 |    31 ||   106
Armor: Leather armour    |    13 |     1 ||    14
Dodge: Dodged            |    17 |     8 ||    25
